 Dungeon Crawl Stone Soup version 0.26-b1-32-g5d43845318 (webtiles) character file.

Game seed: 10755948528527420154

313 Borgoz the Covered (level 6, -1/43 HPs)
             Began as a Halfling Fighter on Jan 11, 2021.
             Killed by divine providence
             ... invoked by an orc priest
              (14 damage)
             ... on level 4 of the Dungeon.
             The game lasted 00:04:08 (3303 turns).

Borgoz the Covered (Halfling Fighter)               Turns: 3303, Time: 00:04:09

Health: -1/43      AC:  7    Str: 18    XL:     6   Next: 71%
Magic:  6/6        EV: 11    Int:  6    God:
Gold:   95         SH: 10    Dex: 15    Spells: 5/5 levels left

rFire    . . .     SeeInvis .   a - +0 rapier
rCold    . . .     Faith    .   c - +0 kite shield
rNeg     . . .     Spirit   .   j - +0 scale mail
rPois    .         Reflect  .   (no helmet)
rElec    .         Harm     .   (no cloak)
rCorr    .         Rampage  .   (no gloves)
Will     +....                  (no boots)
Stlth    ..........             (no amulet)
HPRegen  0.14/turn              e - ring of willpower
MPRegen  0.10/turn              (no ring)

@: mighty
A: small, mutation resistance 1
a: no special abilities


You were on level 4 of the Dungeon.
You visited 1 branch of the dungeon, and saw 4 of its levels.

You collected 95 gold pieces.

Inventory:

Hand Weapons
 a - a +0 rapier (weapon)
 b - a +1 falchion of holy wrath
Armour
 c - a +0 kite shield (worn)
 j - a +0 scale mail (worn)
Jewellery
 e - a ring of willpower (left hand)
 o - an uncursed ring of fire
Scrolls
 f - a scroll of random uselessness {unknown}
 h - 4 scrolls of remove curse
 k - 4 scrolls of teleportation
 n - a scroll of enchant armour
 q - a scroll of amnesia {unknown}
Potions
 d - 2 potions of might
 g - a potion of mutation {unknown}
 i - 2 potions of brilliance
 l - a potion of heal wounds {unknown}


   Skills:
 * Level 3.7 Fighting
 * Level 4.2 Short Blades
 * Level 4.6 Armour
 * Level 3.0 Dodging
 + Level 4.0 Shields


You had 5 spell levels left.
You didn't know any spells.
Your spell library was empty.

Dungeon Overview and Level Annotations

Branches:
Dungeon (4/15)
 Temple: D:4-7

Altars:
Dithmenos
Hepliaklqana


Innate Abilities, Weirdness & Mutations

You are small and have problems with some larger weapons.
You are somewhat resistant to further mutation.


Message History

Found a ring mail.
The orc wizard shouts!
You impale the orc priest!!
You kill the orc priest!
A gnoll comes into view. It is wielding a +0 spear.
The orc hits you with a +0 flail.
The orc wizard gestures wildly while chanting.
The orc wizard blinks!
A gnoll comes into view. It is wielding a +0 spear.
Your Dodging skill increases to level 3!
The gnoll shouts!
A gnoll comes into view.
The gnoll shouts!
You hear a shout!
The orc priest mumbles some strange prayers to Beogh against you.
You resist with some effort.
An orc wizard comes into view. It is wielding a +0 dagger.
The orc wizard shouts!
The orc priest calls down the wrath of Beogh upon you.
Beogh smites you!
You die...

*,**,,,,,,,,,,,,,***,,*
*,*,,,,,,............###****
,,,,,.......<........#..,,,**
,,,,....................,,,,**
,,,,....................,,,,,*
,.......................,,,,,*
*#................g....o,,,,,*
*#..,............og.....,,,,,*
,?..*...........@...[g..,,,,,*
*#.#***###..).o........o,,,,**
#.# ##.....#.#≈#...#..,,,**
##.####..##..###≈#..##******
.....#..###..# #≈#*.#*
##.#...####..# #≈#,..*
#.###....)..#*#≈#*,.#*
#.....####....#≈#*,..*****
#.....# ##.#.#≈#,,,,,,,,*


You could see an orc priest, 2 orc wizards, 3 gnolls and an orc.

Vanquished Creatures
  A phantom (D:4)
  An orc priest (D:4)
  Terence (D:2)
  2 worker ants
  3 adders
  4 oozes
  An adder skeleton (D:4)
  A dart slug (D:2)
  A leopard gecko (D:3)
  5 orcs
  5 bats (D:1)
  3 giant cockroaches
  8 goblins
  6 hobgoblins
  9 jackals
  5 frilled lizards
  5 kobolds
  8 rats
69 creatures vanquished.

Notes
Turn   | Place    | Note
-------+----------+-------------------------------------------
     0 | D:1      | Borgoz the Halfling Fighter began the quest for the Orb.
     0 | D:1      | Reached XP level 1. HP: 15/15 MP: 1/1
   104 | D:1      | Reached XP level 2. HP: 15/20 MP: 2/2
   627 | D:1      | Reached skill level 1 in Dodging
   660 | D:1      | Reached XP level 3. HP: 23/25 MP: 3/3
  1398 | D:2      | Noticed Terence
  1424 | D:2      | Killed Terence
  1425 | D:2      | Reached XP level 4. HP: 14/31 MP: 4/4
  1842 | D:2      | Reached XP level 5. HP: 34/36 MP: 5/5
  2843 | D:3      | Found a shadowy altar of Dithmenos.
  3040 | D:3      | Found a hazy altar of Hepliaklqana.
  3140 | D:4      | Noticed a phantom
  3187 | D:4      | Killed a phantom
  3188 | D:4      | Reached XP level 6. HP: 11/43 MP: 6/6
  3303 | D:4      | Killed from afar by an orc priest

Illustrated notes

Levels and vault maps discovered:
D:1:      amcnicky_arrival_choice, layout_basic
D:2:      layout_loops_ring, uniq_terence
D:3:      layout_loops_ring, nzn_hepliaklqana_mist_gate,
          nicolae_dithmenos_through_a_glass_darkly
D:4:      layout_rooms, portal_sewer_entry_d

Skill      XL: |  1  2  3  4  5  6 |
---------------+-------------------+-----
Dodging        | 1 2 3 |  3.0
Short Blades   | 3 4 |  4.2
Fighting       | 3 |  3.7
Armour         | 4 |  4.6
Shields        | 4 |  4.0

Action                   |  1- 3 |  4- 6 || total
-------------------------+-------+-------++-------
Melee: Rapier            |    97 |   185 ||   282
       Falchion          |       |     6 ||     6
  Use: Potion            |     1 |     3 ||     4
       Scroll            |       |     8 ||     8
Armor: Scale mail        |    27 |    51 ||    78
Dodge: Dodged            |    37 |    49 ||    86
Block: Kite shield       |    49 |    88 ||   137
